 Dungeon Crawl Stone Soup version 0.31.0-11-ge490571c62 (webtiles) character file.

Game seed: 13006836935886733025

63 Gadfly the Ducker (level 4, -1/37 HPs)
             Began as a Merfolk Monk on Jan 29, 2024.
             Slain by a goblin
             ... wielding a +0 club
             ... led by Robin
              (6 damage)
             ... on level 3 of the Dungeon.
             The game lasted 00:03:02 (2024 turns).

Gadfly the Ducker (Merfolk Monk)                    Turns: 2024, Time: 00:03:03

Health: -1/37      AC:  2    Str: 19    XL:     4   Next: 10%
Magic:  0/0        EV: 14    Int:  9    God:
Gold:   57         SH:  0    Dex: 16    Spells: 3/3 levels left

rFire   + +          .
                       - Unarmed
rCold   + . .        c - orb {light}
rNeg    . . .        a - +0 robe
rPois   +            (no helmet)
rElec   .            (no cloak)
rCorr   .            (no gloves)
SInv    .            (no boots)
Will    .....        (no amulet)
Stlth   +            e - ring "Apsasmer" {rPois rF++ rC+ MP-9 Str+6}
HPRegen 0.26/turn    g - +4 ring of slaying
MPRegen 0.07/turn

%: no passive effects
@: glowing, studying Unarmed Combat
A: (nimble swimmer 2), mertail
a: no special abilities


You were on level 3 of the Dungeon.
You visited 1 branch of the dungeon, and saw 3 of its levels.

You collected 57 gold pieces.

Inventory:

Armour
 a - a +0 robe (worn)
 c - an orb of light (worn)
Jewellery
 d - a +6 ring of dexterity
 e - the ring "Apsasmer" (left hand) {rPois rF++ rC+ MP-9 Str+6}
   (You acquired it on level 2 of the Dungeon)

   [ring of strength]

   Str+6:     It affects your strength (+6).
   rF++:      It greatly protects you from fire.
   rC+:       It protects you from cold.
   rPois:     It protects you from poison MP-9: It affects your magic capacity
   (-9).
 g - a +4 ring of slaying (right hand)
 i - a ring of ice
Potions
 b - a potion of ambrosia
 k - a potion of haste
 m - a potion of curing {unknown}


   Skills:
 + Level 3.6 Fighting
 + Level 4.4 Dodging
 + Level 3.8 Unarmed Combat
 * Level 1.7 Evocations
 * Level 2.1 Shapeshifting


You had 3 spell levels left.
You didn't know any spells.
Your spell library contained the following spells:

 Spells                   Type           Power      Damage    Failure   Level
 Scorch                   Fire           0%         2d5       52%         2
 Flame Wave               Conj/Fire      0%         2d4       99%         4
 Summon Cactus Giant      Summ           0%         N/A       100%        6


Dungeon Overview and Level Annotations

Branches:
Dungeon (3/15)

Altars:

Annotations:
D:3 Robin


Innate Abilities, Weirdness & Mutations

((You are very nimble when in or above water. (Stealth+, EV+, Speed+++)))
Your lower body shifts to a powerful aquatic tail in water.


Message History

You kill the hobgoblin!
The goblin closely misses you.
You completely miss the hobgoblin. The goblin hits you with a +0 dagger.
The hobgoblin hits you.
A rat comes into view.
You hit the hobgoblin.
The hobgoblin is moderately wounded.
The goblin closely misses you. The hobgoblin hits you.
The goblin barely misses you. The goblin misses you.
The goblin hits you with a +0 club.
You hit the hobgoblin but do no damage.
The hobgoblin is moderately wounded.
The goblin hits you with a +0 dagger. The hobgoblin barely misses you.
Robin throws the goblin at you! The goblin hits you with a +0 dagger.
The goblin hits you with a +0 club. x2
* * * LOW HITPOINT WARNING * * *
Unknown command.
Unknown command.
The hobgoblin barely misses you. The hobgoblin hits you.
* * * LOW HITPOINT WARNING * * *
The goblin hits you but does no damage. The goblin attacks as it pursues you!
The goblin barely misses you. Robin throws the goblin at you!
The goblin misses you.
Blink to where?
Press: ? - help, Dir - move target You can't see that place. [the floor.]
Okay, then.
Blink to where?
Press: ? - help, Dir - move target
As you read the scroll of blinking, it crumbles to dust.
The goblin misses you. The goblin attacks as it pursues you!
The goblin hits you with a +0 club.
* * * LOW HITPOINT WARNING * * *
The goblin no longer looks unusually strong. x2
The goblin attacks as it pursues you! The goblin hits you with a +0 club.
* * * LOW HITPOINT WARNING * * *
The hobgoblin no longer looks unusually strong.
The goblin attacks as it pursues you! The goblin hits you with a +0 club.
You die...

........§.....####
....>...###g.....# .
......†g..gg.###.#.#
?.......g##g........
.........##†gg......
.......#.##gg†......
#.....##.##.........
.$..## #...gg.......
.### ####@........
##........ ##.......
....... ##....# .##.
#


You could see Robin, 4 hobgoblins and 5 goblins.

Vanquished Creatures
  An adder (D:2)
  A dart slug (D:1)
  2 ribbon worms (D:2)
  4 ball pythons (D:1)
  4 endoplasms
  4 giant cockroaches
  3 goblins
  8 hobgoblins
  2 jackals (D:1)
  3 quokkas (D:1)
  3 bats
  5 frilled lizards
  2 kobolds (D:2)
  3 rats
45 creatures vanquished.

Notes
Turn   | Place    | Note
-------+----------+-------------------------------------------
     0 | D:1      | Gadfly the Merfolk Monk began the quest for the Orb.
     0 | D:1      | Reached XP level 1. HP: 18/18 MP: 1/1
   197 | D:1      | Reached XP level 2. HP: 24/24 MP: 2/2
   313 | D:1      | Reached skill level 1 in Shapeshifting
   525 | D:1      | Found a faded altar of an unknown god.
   602 | D:1      | Reached skill level 1 in Evocations
   740 | D:1      | Reached XP level 3. HP: 27/29 MP: 3/3
  1779 | D:2      | Reached XP level 4. HP: 32/36 MP: 4/4
  1905 | D:2      | Identified a scroll of acquirement
  1905 | D:2      | Acquired the ring "Apsasmer" {rPois rF++ rC+ MP-9 Str+6}
  2009 | D:3      | Noticed Robin
  2024 | D:3      | Slain by a goblin

Illustrated notes

Levels and vault maps discovered:
D:1:      dpeg_arrival_boxorama, layout_basic,
          shapermc_ecumenical_altar_pompeii, chequers_jeans,
          kennysheep_decorative_pillar, st_stairs_8
D:2:      layout_basic, grunt_ministairs_5, minmay_statues_item,
          serial_bayou_pond_e
D:3:      layout_rooms, uniq_sigmund, uniq_robin

Skill      XL: |  1  2  3 |
---------------+----------+-----
Shapeshifting  | 1 2 |  2.1
Evocations     | 1 |  1.7
Fighting       | |  3.6
Dodging        | |  4.4
Unarmed Combat | |  3.8

Action                     |  1- 3 |  4- 6 || total
---------------------------+-------+-------++-------
  Melee: Unarmed           |   107 |    10 ||   117
    Use: Scroll            |     3 |     5 ||     8
 Armour: Robe              |    33 |    17 ||    50
  Dodge: Dodged            |    63 |    15 ||    78
